 Dungeon Crawl Stone Soup version 0.30-a0-778-g2ef04afb54 (console) character file.

Game seed: 5218084956951518122

9 rlgrobin the Shield-Bearer (level 2, -1/26 HPs)
             Began as a Meteoran Fighter on Feb 17, 2023.
             Slain by an orc
             ... wielding a +0 short sword
              (3 damage)
             ... on level 3 of the Dungeon.
             The game lasted 00:00:53 (201 turns).

rlgrobin the Shield-Bearer (Meteoran Fighter)        Turns: 201, Time: 00:00:54

Health: -1/26      AC:  6    Str: 17    XL:     2   Next: 35%
Magic:  3/3        EV:  9    Int:  9    God:
Gold:   52         SH:  5    Dex: 13    Spells: 1/1 levels left

rFire   . . .      SeeInvis .    a - +0 war axe
rCold   . . .      Faith    .    c - +0 buckler
rNeg    . . .      Spirit   .    b - +0 scale mail
rPois   .          Reflect  .    (no helmet)
rElec   .          Harm     .    (no cloak)
rCorr   .          Rampage  .    (no gloves)
Will    .....                    (no boots) Stlth
                                 (no amulet)
HPRegen 0.24/turn                (no ring)
MPRegen 0.08/turn                (no ring)

@: mighty, glowing
A: sense surroundings 1, otherworldly, glowing, explore regen
a: no special abilities


You were on level 3 of the Dungeon.
You visited 1 branch of the dungeon, and saw 3 of its levels.

You collected 52 gold pieces.

Inventory:

Hand Weapons
 a - a +0 war axe (weapon)
Armour
 b - a +0 scale mail (worn)
 c - a +0 buckler (worn)
Scrolls
 f - a scroll of vulnerability {unknown}
 g - a scroll of fear {unknown}
Potions
 e - a potion of resistance {unknown}


   Skills:
 - Level 3.2 Fighting
 + Level 3.4 Axes
 - Level 3.6 Armour
 - Level 3.6 Shields


You had one spell level left.
You didn't know any spells.
Your spell library was empty.

Dungeon Overview and Level Annotations

Branches:
Dungeon (3/15) Zot: 1591

Altars:

Annotations:
D:2 Sigmund


Innate Abilities, Weirdness & Mutations

You passively map a small area around you.
You are easily found by Zot.
You glow in the dark.
You regain HP and MP as you explore.


Message History

Sigmund casts a spell at you. The puff of flame hits you!
Found a stone staircase leading down.
There is a stone staircase leading down here.
You climb downwards.
HP restored.
The orc shouts!
The orc wizard shouts!
Found a leather armour.
There is a stone staircase leading up here.
You feel very mighty all of a sudden.
You barely miss the orc wizard. You slash the orc!
You kill the orc!
The orc wizard points at you and mumbles some strange words.
You resist with significant effort.
You slash the orc wizard!
The orc wizard is heavily wounded.
The orc wizard barely misses you.
You closely miss the orc wizard.
The orc wizard is heavily wounded.
You closely miss the orc.
The orc wizard hits you with a +2 dagger of freezing.
The orc wizard freezes you. The orc hits you but does no damage.
The orc wizard gestures at you while chanting.
The magic dart hits you.
The orc wizard hits you with a +2 dagger of freezing.
The orc wizard freezes you. The orc hits you but does no damage.
You are too injured to fight recklessly!
You are too injured to fight recklessly!
You are too injured to fight recklessly!
You closely miss the orc wizard. You barely miss the orc.
You closely miss the orc wizard. You block the orc wizard's attack.
The orc wizard casts a spell at you. The magic dart hits you.
The orc hits you with a +0 short sword.
You closely miss the orc wizard. You hit the orc wizard.
You closely miss the orc.
The orc wizard hits you with a +2 dagger of freezing.
* * * LOW HITPOINT WARNING * * *
The orc wizard freezes you.
* * * LOW HITPOINT WARNING * * *
The orc hits you with a +0 short sword.
You die...

* , , * ,
* ,
,#####.#
,#@o...# *
#[.oo.###
,+........
,
#.....####
, *
,....... ,
#########
* , , , ,
,,, *


You could see 2 orc wizards and an orc.

Vanquished Creatures
  An orc (D:3)
  A giant cockroach (D:2)
  A hobgoblin (D:2)
  2 jackals (D:2)
  2 rats (D:2)
7 creatures vanquished.

Notes
Turn   | Place    | Note
-------+----------+-------------------------------------------
     0 | D:1      | rlgrobin the Meteoran Fighter began the quest for the Orb.
     0 | D:1      | Reached XP level 1. HP: 19/19 MP: 2/2
   107 | D:2      | Reached XP level 2. HP: 26/26 MP: 3/3
   179 | D:2      | Noticed Sigmund
   201 | D:3      | Slain by an orc

Illustrated notes

Levels and vault maps discovered:
D:1:      lightli_arrival_quake, layout_loops_ring,
          amcnicky_mini_corridor_feature
D:2:      layout_loops_ring, basic_altar, serial_shops,
          nicolae_shop_behind_doors, serial_rivers,
          chequers_serial_rivers_micro_a, chequers_serial_rivers_micro_d,
          chequers_serial_rivers_micro_c, chequers_serial_rivers_micro_c,
          chequers_serial_rivers_small_b, chequers_serial_rivers_micro_c,
          chequers_avenue, uniq_sigmund
D:3:      layout_basic

Skill      XL: |  1 |
---------------+----+-----
Axes           | 3 |  3.4
Fighting       | |  3.2
Armour         | |  3.6
Shields        | |  3.6

Action                     || total
---------------------------++-------
  Melee: War axe           ||    18
    Use: Potion            ||     1
 Armour: Scale mail        ||    11
  Dodge: Dodged            ||     9
  Block: Buckler           ||     6

Table legend: (Time is in decaauts)
 A = Elapsed time spent in this place.
 B = Non-inter-level travel time spent in this place.
 C = Inter-level travel time spent in this place.
 D = Time resting spent in this place.
 E = Time spent auto-exploring this place.
 F = Levels seen in this place.
 G = Mean time per level.
                   A        B        C        D        E       F      G
               +--------+--------+--------+--------+--------+-----+--------+
         Total |    207 |    207 |      0 |      0 |      0 |   3 |   69.0 |
       Dungeon |    207 |    207 |      0 |      0 |      0 |   3 |   69.0 |
               +--------+--------+--------+--------+--------+-----+--------+

Top non-repeatable levels by time:
     D:2: 109 daAuts
     D:1: 91 daAuts
     D:3: 7 daAuts
